 Dungeon Crawl Stone Soup version 0.27.0-1-g7a089689b8 (webtiles) character file.

Game seed: 18308227894201429298

43726 SnakkuSnakku7 the Bewitcher (level 13, -3/100 HPs)
             Began as a Vampire Conjurer on Aug 15, 2021.
             Was an Initiate of Gozag.
             Slain by a dire elephant (36 damage)
             ... on level 6 of the Lair of Beasts.
             The game lasted 00:40:04 (14711 turns).

SnakkuSnakku7 the Bewitcher (Vampire Conjurer)     Turns: 14711, Time: 00:40:05

Health: -3/100     AC:  9    Str:  9    XL:     13   Next: 92%
Magic:  25/31      EV: 18    Int: 37    God:    Gozag
Gold:   2989       SH:  0    Dex: 18    Spells: 18/24 levels left

rFire    + . .     SeeInvis +   y - +2 whip (elec)
rCold    . . .     Faith    .   (no shield)
rNeg     . . .     Spirit   .   I - +1 robe "Kaotukk" {rPois rF+ Str+3 Int+3 Dex+5}
rPois    +         Reflect  .   C - +2 helmet {Int+3}
rElec    .         Harm     .   a - +0 cloak
rCorr    .         Rampage  .   (no gloves)
Will     +....                  l - +1 pair of boots
Stlth    +++++.....             J - amulet of magic regeneration
HPRegen  0.46/turn              B - ring of magical power
MPRegen  0.47/turn              h - +6 ring of intelligence

@: healing quickly
A: alive, fangs 3, see invisible, vampiric 2
a: Exsanguinate, Renounce Religion, Potion Petition, Call Merchant, Bribe Branch


You were on level 6 of the Lair of Beasts.
You worshipped Gozag.
Gozag was most pleased with you.
You visited 3 branches of the dungeon, and saw 17 of its levels.

You collected 3118 gold pieces.
You paid 129 gold pieces to Gozag.

Inventory:

Hand Weapons
 y - a +2 whip of electrocution (weapon)
Armour
 a - a +0 cloak (worn)
 l - a +1 pair of boots (worn)
 A - a +0 kite shield
 C - a +2 helmet of intelligence (worn)
 I - the +1 robe "Kaotukk" (worn) {rPois rF+ Str+3 Int+3 Dex+5}
   (You found it on level 9 of the Dungeon)

   Str:       It affects your strength (+3).
   Int:       It affects your intelligence (+3).
   Dex:       It affects your dexterity (+5).
   rF:        It protects you from fire.
   rPois:     It protects you from poison.
Magical Staves
 G - a staff of fire
Jewellery
 h - a +6 ring of intelligence (right hand)
 B - a ring of magical power (left hand)
 J - an amulet of magic regeneration (around neck)
Wands
 b - a wand of mindburst (16)
 d - a wand of flame (21)
 x - a wand of polymorph (22)
 D - a wand of paralysis (9)
 E - a wand of iceblast (30)
Scrolls
 c - 4 scrolls of enchant weapon {unknown}
 f - 5 scrolls of identify
 m - a scroll of blinking
 n - 3 scrolls of enchant armour
 o - 3 scrolls of magic mapping
 p - a scroll of acquirement {unknown}
 r - a scroll of teleportation
 u - a scroll of vulnerability
 w - 2 scrolls of torment {unknown}
 F - 3 scrolls of summoning
 H - a scroll of silence
 K - 2 scrolls of fear
Potions
 e - 2 potions of mutation {unknown}
 g - 2 potions of brilliance
 i - 4 potions of invisibility
 j - 7 potions of curing
 k - 2 potions of cancellation {unknown}
 q - a potion of attraction
 s - 2 potions of ambrosia
 t - 3 potions of berserk rage
 v - 3 potions of haste
 z - 2 potions of flight
 L - a potion of heal wounds {unknown}
 M - a potion of resistance {unknown}
 N - a potion of lignification {unknown}


   Skills:
 + Level 8.8 Fighting
 - Level 9.4 Dodging
 - Level 12.0 Stealth
 - Level 6.0 Spellcasting
 - Level 12.0 Conjurations
 - Level 15.0 Hexes


You had 18 spell levels left.
You knew the following spells:

 Your Spells              Type           Power      Damage    Failure   Level
a - Searing Ray           Conj           100%       3d7       1%          2
g - Fulminant Prism       Conj/Hex       42%        3d20      1%          4

Your spell library contained the following spells:

 Spells                   Type           Power      Damage    Failure   Level
 Slow                     Hex            89%        N/A       0%          2
 Magic Dart               Conj           100%       1d8       1%          1
 Ensorcelled Hibernation  Hex/Ice        100%       N/A       1%          2
 Confusing Touch          Hex            89%        N/A       1%          3
 Dazzling Flash           Conj/Hex       100%       N/A       1%          3
 Invisibility             Hex            44%        N/A       1%          6
 Iskenderun's Mystic Bla  Conj/Tloc      53%        2d11      2%          4
 Apportation              Tloc           22%        N/A       3%          1
 Pain                     Necr           44%        1d6       3%          1
 Call Imp                 Summ           11%        N/A       4%          2
 Corpse Rot               Necr/Air       N/A        N/A       4%          2
 Summon Mana Viper        Hex/Summ       61%        N/A       4%          5
 Vampiric Draining        Necr           5%         2d6       10%         3
 Animate Dead             Necr           5%         N/A       32%         4
 Summon Ice Beast         Ice/Summ       11%        N/A       32%         4
 Agony                    Necr           11%        N/A       65%         5
 Alistair's Intoxication  Tmut/Pois      7%         N/A       65%         5
 Borgnjor's Vile Clutch   Necr/Erth      5%         N/A       65%         5
 Excruciating Wounds      Necr           5%         N/A       65%         5
 Death Channel            Necr           5%         N/A       99%         6
 Monstrous Menagerie      Summ           5%         N/A       100%        7


Dungeon Overview and Level Annotations

Branches:
Dungeon (10/15)            Temple (1/1) D:7            Lair (6/6) D:8
  Snake (0/4) Lair:4        Slime (0/5) Lair:5          Orc (0/2) D:9
  Swamp: Lair:2-4    Shoals: Lair:2-4

Altars:
Ashenzari
Cheibriados
Dithmenos
Elyvilon
Fedhas
Gozag
Hepliaklqana
Kikubaaqudgha
Makhleb
Nemelex Xobeh
Okawaru
Qazlal
Ru
Sif Muna
Trog
Uskayaw
Vehumet
Wu Jian
Xom
Yredelemnul
Zin
The Shining One
Jiyva

Shops:
D:2 (

Annotations:
Lair:2 2 exclusions
Lair:3 Snorg


Innate Abilities, Weirdness & Mutations

Your natural rate of healing is accelerated.
You have razor-sharp teeth.
You have supernaturally acute eyesight. (SInv)
You are afflicted with vampirism and can become a bat while bloodless.


Message History

Unknown command.
Unknown command.
Casting: Fulminant Prism (safe; 1% risk of failure)
Confirm with . or Enter, or press ? or * to list all spells.
Aiming: Fulminant Prism (safe; 1% risk of failure)
Press: ? - help, Dir - move target You conjure a prism of explosive energy!
A fulminant prism comes into view.
The dire elephant tramples you!
You stumble backwards!
Unknown command.
Your fulminant prism crackles loudly.
Your fulminant prism explodes!
You hear a bellow!
You hear an angry hiss. x2
Casting: Fulminant Prism (safe; 1% risk of failure)
Confirm with . or Enter, or press ? or * to list all spells.
Aiming: Fulminant Prism (safe; 1% risk of failure)
Press: ? - help, Dir - move target You conjure a prism of explosive energy!
A fulminant prism comes into view.
The dire elephant misses you. The dire elephant trunk-slaps you!
Your fulminant prism crackles loudly.
You see here a wand of iceblast (7).
Unknown command.
The dire elephant tramples you.
You stumble backwards!
Your fulminant prism explodes!
The blast of energy engulfs the polar bear!!
You kill the polar bear!
You hear a bellow!
You hear an angry hiss.
Unknown command.
Unknown command.
Casting: Fulminant Prism (safe; 1% risk of failure)
Confirm with . or Enter, or press ? or * to list all spells.
You don't know that spell.
Unknown command.
The dire elephant tramples you!!
* * * LOW HITPOINT WARNING * * *
You stumble backwards!
The dire elephant tramples you!!!
You die...
Your body crumbles into a pile of gold.

##...................).....
##........................
###........................
#.........[................
#..............##...#..P##P
##............#######.####.
###............# ### ##
#...........Y..#
###........@...##
#..........#..#
##..........####
#.#.........# ##.........##
###.........##
##............#
#.P...........##
..............(..#


You could see a dire elephant.

Vanquished Creatures
  5 hydras
  A boulder beetle (Lair:5)
  A two-headed ogre (D:8)
  14 death yaks
  Urug (Lair:3)
  12 elephants
  9 black mambas
  13 cane toads
  4 rime drakes
  3 komodo dragons
  3 polar bears
  A hornet (Lair:4)
  A meliai zombie (D:10)
  11 blink frogs
  2 wyverns
  A vampire (D:9)
  32 yaks
  3 vampire mosquitoes (D:10)
  A steam dragon (D:10)
  6 basilisks
  A naga (Lair:4)
  3 swamp worms (Lair:2)
  20 water moccasins
  5 ice beasts
  A sky beast (D:7)
  2 orc warriors
  3 black bears
  A hornet zombie (D:7)
  An ogre (D:5)
  19 wolves
  3 centaurs
  A phantom (D:6)
  A kobold brigand (D:9)
  14 bullfrogs
  6 scorpions
  A wyvern zombie (D:9)
  A water moccasin skeleton (D:4)
  3 wights (D:9)
  3 lava snakes (D:8)
  4 centaur zombies
  A bullfrog skeleton (D:7)
  3 jellies
  An orc priest (D:7)
  2 hounds (D:6)
  2 centaur skeletons (D:7)
  An iguana (D:4)
  10 orc wizards
  A hound skeleton (D:4)
  2 howler monkey zombies
  6 adders
  A gnoll (D:1)
  2 shadow imps
  An ufetubus (D:5)
  2 adder skeletons
  2 worms
  2 dart slugs
  23 orcs
  10 endoplasms
  4 giant cockroaches
  6 goblins
  6 hobgoblins
  6 jackals
  7 kobolds
  4 quokkas
  5 ball pythons
  2 bats
  A frilled lizard (D:1)
  2 rats
  2 fulminant prisms (Lair:5)
334 creatures vanquished.

Vanquished Creatures (others)
  134 fulminant prisms
  57 fungi
  53 plants
244 creatures vanquished.

Grand Total: 578 creatures vanquished

Notes
Turn   | Place    | Note
-------+----------+-------------------------------------------
     0 | D:1      | SnakkuSnakku7 the Vampire Conjurer began the quest for the
                  | Orb.
     0 | D:1      | Reached XP level 1. HP: 13/13 MP: 3/3
   158 | D:1      | Reached XP level 2. HP: 18/19 MP: 0/5
   281 | D:1      | Learned a level 2 spell: Searing Ray
   431 | D:1      | Gained mutation: You are afflicted with vampirism and can
                  | become a bat while bloodless. [Vampire growth]
   431 | D:1      | Reached XP level 3. HP: 24/24 MP: 2/6
   887 | D:2      | You fall into a shaft and drop 2 floors!
  1065 | D:4      | Reached XP level 4. HP: 30/30 MP: 1/7
  1300 | D:2      | Found a faded altar of an unknown god.
  1407 | D:2      | Found Hufi's Antique Weapon Shoppe.
  1745 | D:3      | Found a stormy altar of Qazlal.
  1920 | D:3      | Noticed a scorpion
  1988 | D:3      | Reached XP level 5. HP: 28/35 MP: 1/8
  2031 | D:3      | Found a blossoming altar of Fedhas.
  2136 | D:3      | Reached skill level 5 in Conjurations
  2616 | D:4      | Reached XP level 6. HP: 12/41 MP: 3/9
  3423 | D:5      | Entered Level 5 of the Dungeon
  3597 | D:5      | Learned a level 4 spell: Fulminant Prism
  3608 | D:5      | Noticed an ice beast
  3615 | D:5      | Killed an ice beast
  3616 | D:5      | Reached skill level 3 in Hexes
  3666 | D:5      | Noticed an ice beast
  3688 | D:5      | Killed an ice beast
  3689 | D:5      | Reached skill level 4 in Hexes
  3689 | D:5      | Reached XP level 7. HP: 41/46 MP: 1/10
  3724 | D:5      | Reached skill level 5 in Hexes
  3829 | D:5      | Reached skill level 6 in Hexes
  3896 | D:5      | Found an iron altar of Okawaru.
  3932 | D:5      | Reached skill level 7 in Hexes
  4148 | D:5      | Reached skill level 8 in Hexes
  4386 | D:5      | Reached XP level 8. HP: 52/52 MP: 12/12
  4415 | D:5      | Found a sparkling altar of Nemelex Xobeh.
  4858 | D:5      | Found a bloodstained altar of Trog.
  5108 | D:6      | Found a snail-covered altar of Cheibriados.
  5489 | D:7      | Reached skill level 5 in Spellcasting
  5743 | D:7      | Found a staircase to the Ecumenical Temple.
  5882 | Temple   | Entered the Ecumenical Temple
  6054 | D:7      | Reached XP level 9. HP: 65/65 MP: 18/18
  6127 | D:7      | Found an opulent altar of Gozag.
  6161 | D:7      | Became a worshipper of Gozag Ym Sagoz the Greedy
  6350 | D:8      | Noticed a two-headed ogre
  6356 | D:8      | Killed a two-headed ogre
  6357 | D:8      | Reached skill level 5 in Fighting
  6469 | D:8      | Found a shadowy altar of Dithmenos.
  6516 | D:8      | Found an ornate altar of the Wu Jian Council.
  6836 | D:8      | Reached XP level 10. HP: 65/74 MP: 17/19
  6853 | D:8      | Found a staircase to the Lair.
  7017 | D:9      | Found a basalt altar of Yredelemnul.
  7062 | D:9      | Identified the +1 robe "Kaotukk" {rPois rF+ Str+3 Int+3
                  | Dex+5}
  7082 | D:9      | Found a burning altar of Makhleb.
  7504 | D:9      | Found a staircase to the Orcish Mines.
  7713 | D:10     | Entered Level 10 of the Dungeon
  7918 | D:10     | Reached skill level 5 in Dodging
  8029 | D:10     | Noticed an orc knight
  8032 | D:10     | Noticed a centaur warrior
  8051 | D:10     | Identified the +6 scimitar of Integrity {vamp, Will+}
  8051 | D:10     | Identified the ring of Iloorais {rC- MP+9 Dex+3 Slay+3}
  8051 | D:10     | Noticed a deep elf pyromancer
  8054 | D:10     | Found a sacrificial altar of Ru.
  8121 | Lair:1   | Entered Level 1 of the Lair of Beasts
  8137 | Lair:1   | Noticed a seven-headed hydra
  8155 | Lair:1   | Noticed a black mamba
  8162 | Lair:1   | Killed a black mamba
  8169 | Lair:1   | Noticed a black mamba
  8173 | Lair:1   | Killed a seven-headed hydra
  8178 | Lair:1   | Killed a black mamba
  8179 | Lair:1   | Reached XP level 11. HP: 50/79 MP: 1/20
  8384 | Lair:1   | Reached skill level 10 in Conjurations
  8983 | Lair:2   | Noticed a seven-headed hydra
  9138 | Lair:2   | Killed a seven-headed hydra
  9170 | Lair:2   | HP: 1/79 [spore (29)]
 10058 | Lair:2   | Noticed a bog body
 10458 | Lair:3   | Reached XP level 12. HP: 86/86 MP: 21/21
 10887 | Lair:3   | Noticed Urug
 10896 | Lair:3   | Killed Urug
 10922 | Lair:3   | Got The Foundations of Secret Knowledge
 11058 | Lair:3   | Reached skill level 9 in Hexes
 11085 | Lair:3   | Noticed an eight-headed hydra
 11100 | Lair:3   | Killed an eight-headed hydra
 11220 | Lair:3   | Noticed Snorg
 11247 | Lair:3   | Reached skill level 10 in Hexes
 11646 | Lair:4   | You fall into a shaft and drop 2 floors!
 11646 | Lair:6   | Entered Level 6 of the Lair of Beasts
 11652 | Lair:6   | Noticed a death yak
 11654 | Lair:6   | Noticed a death yak
 11666 | Lair:6   | Noticed a seven-headed hydra
 11666 | Lair:6   | Noticed a six-headed hydra
 11667 | Lair:6   | Noticed a dire elephant
 11722 | Lair:6   | Noticed a six-headed hydra
 11739 | Lair:6   | Killed a six-headed hydra
 11740 | Lair:6   | Reached skill level 5 in Stealth
 11907 | Lair:4   | Reached skill level 10 in Stealth
 11912 | Lair:4   | Found a staircase to the Snake Pit.
 12240 | Lair:4   | Reached skill level 11 in Hexes
 12304 | Lair:4   | Noticed a death yak
 12323 | Lair:4   | Killed a death yak
 12346 | Lair:4   | Noticed a death yak
 12347 | Lair:4   | Noticed a death yak
 12356 | Lair:4   | Killed a death yak
 12357 | Lair:4   | Reached XP level 13. HP: 91/91 MP: 13/22
 12358 | Lair:4   | Reached skill level 12 in Hexes
 12846 | Lair:5   | Reached skill level 13 in Hexes
 13247 | Lair:5   | Reached skill level 14 in Hexes
 13414 | Lair:5   | Reached skill level 15 in Hexes
 13835 | Lair:5   | Found a runed translucent door.
 13835 | Lair:5   | Found a viscous altar of Jiyva.
 13842 | Lair:5   | Found a staircase to the Slime Pits.
 14430 | Lair:6   | Identified the +1 robe of the Dungeon {Drain +Inv Will+++
                  | SInv}
 14711 | Lair:6   | Slain by a dire elephant

Illustrated notes

Levels and vault maps discovered:
D:1:      lemuel_arrival_funnel, layout_loops_ring
D:2:      layout_loops_ring, serial_shops, nicolae_diamond_shop,
          dreamdust_ecumenical_altar_hidden_monk_grotto
D:3:      layout_rooms, mainiacjoe_overflow_chevrons, grunt_qazlal_sundering,
          amcnicky_mini_corridor_feature, supply_closet_lemuel
D:4:      minmay_inner_zag, layout_layer_cave
D:5:      layout_layer_cave, lemuel_coloured_pillars_altar,
          mainiacjoe_overflow_cross_hatched, lemuel_doored_altar
D:6:      layout_loops_ring, slow_altar_1
D:7:      layout_basic, kennysheep_little_box, minmay_temple_entry_glass
D:8:      layout_rooms, mainiacjoe_overflow_alcove_1,
          mainiacjoe_overflow_catch_the_wave, grunt_lair_entry_orc_guard_hut
D:9:      layout_loops_ring, chequers_temple_overflow_statue_of_worship,
          minivault_4, nzn_life_drinkers
D:10:     minmay_the_grid_square_5x5_3x3 [minmay_the_grid_square_5x5_percent,
          minmay_the_grid_square_5x5_minimal,
          minmay_the_grid_square_5x5_pentomino_r,
          minmay_the_grid_square_5x5_bite,
          minmay_the_grid_square_5x5_megaprize_checkered,
          minmay_the_grid_square_5x5_plus, minmay_the_grid_square_5x5_corner,
          minmay_the_grid_square_5x5_bridge,
          minmay_the_grid_square_5x5_beaten_path], layout_long_grid,
          mainiacjoe_overflow_brackets, gammafunk_ghost_hydra_chop
Temple:   dpeg_three_leaves_temple
Lair:1:   layout_chaotic_city, grunt_megastairs_1, serial_bayou_shore_b
Lair:2:   layout_cave_shapes, nicolae_swamp_entry_splash_gauntlet
Lair:3:   layout_regular_city, beast_lair_carwin_9, uniq_snorg, uniq_urug
Lair:4:   layout_hall_layers, guppyfry_snake_entry_island
Lair:5:   layout_cave_pods, slime_altar_2, serial_rivers,
          chequers_serial_rivers_micro_b, chequers_serial_rivers_micro_e,
          chequers_serial_rivers_micro_d, chequers_serial_rivers_micro_e,
          beast_lair_carwin_10, grunt_megastairs_5
Lair:6:   cheibrodos_lair_end_hotspot, layout_hall_layers

Skill      XL: |  1  2  3  4  5  6  7  8  9 10 11 12 13 |
---------------+----------------------------------------+-----
Conjurations   | 3 4 5 6 8 9 12 | 12.0
Hexes          | 4 8 11 15 | 15.0
Spellcasting   | 3 6 |  6.0
Fighting       | 3 5 8 |  8.8
Dodging        | 8 9 |  9.4
Stealth        | 12 | 12.0

Action                   |  1- 3 |  4- 6 |  7- 9 | 10-12 | 13-15 || total
-------------------------+-------+-------+-------+-------+-------++-------
Melee: Spear             |    66 |   108 |       |       |       ||   174
       Bite              |     5 |    12 |       |    12 |     4 ||    33
       Whip              |       |    22 |    29 |   103 |    22 ||   176
 Cast: Magic Dart        |    33 |    25 |    12 |       |       ||    70
       Searing Ray       |     2 |    18 |    45 |    95 |    27 ||   187
       Fulminant Prism   |       |       |     7 |    58 |    71 ||   136
Evoke: Wand              |       |       |       |     4 |     7 ||    11
  Use: Scroll            |       |       |       |    28 |       ||    28
       Potion            |       |       |       |     2 |       ||     2
 Stab: Sleeping          |     3 |     5 |       |       |       ||     8
       Distracted        |       |       |       |     1 |     1 ||     2
Armor: Robe              |    12 |    45 |    42 |   111 |    11 ||   221
Dodge: Dodged            |    41 |    89 |    57 |   333 |    57 ||   577
